 Dungeon Crawl Stone Soup version 0.29-a0-337-g68df138881 (webtiles) character file.

Game seed: 3042941160312606285

1622 XomXD the Grappler (level 8, 0/76 HPs)
             Began as a Troll Chaos Knight on Apr 16, 2022.
             Was a Plaything of Xom.
             Slain by Joseph
             ... wielding a +0 quarterstaff
              (11 damage)
             ... on level 7 of the Dungeon.
             The game lasted 00:06:59 (3331 turns).

XomXD the Grappler (Troll Chaos Knight)             Turns: 3331, Time: 00:07:00

Health: 0/76       AC:  6    Str: 23    XL:     8   Next: 65%
Magic:  7/7        EV: 10    Int:  8    God:    Xom [*.....]
Gold:   258        SH:  0    Dex:  9    Spells: 7/7 levels left

rFire   . . .      SeeInvis .     - Unarmed
rCold   . . .      Faith    .   (no shield)
rNeg    + . .      Spirit   .   a - +2 robe
rPois   +          Reflect  .   (helmet restricted)
rElec   .          Harm     .   (no cloak)
rCorr   .          Rampage  .   (gloves unavailable)
Will    .....                   (boots unavailable)
Stlth   +.........              (no amulet)
HPRegen 1.02/turn               k - ring of positive energy
MPRegen 0.10/turn               g - ring of poison resistance

@: no status effects
A: large, unfitting armour, claws 3, regeneration 1, shaggy fur 1, tough skin 1
a: Renounce Religion


You were on level 7 of the Dungeon.
You worshipped Xom.
You were a special plaything of Xom.
You visited 1 branch of the dungeon, and saw 6 of its levels.

You collected 258 gold pieces.

Inventory:

Hand Weapons
 q - a +3 quarterstaff of chaos
Missiles
 c - 9 poisoned darts
Armour
 a - a +2 robe (worn)
Jewellery
 d - a ring of wizardry
 g - a ring of poison resistance (right claw)
 j - an amulet of magic regeneration
 k - a ring of positive energy (left claw)
Wands
 m - a wand of acid (16)
Scrolls
 i - 2 scrolls of fear
 l - 2 scrolls of identify
 n - a scroll of immolation {unknown}
Potions
 e - 2 potions of magic
 f - 2 potions of lignification
 h - 3 potions of curing
Miscellaneous
 b - a piece from Xom's chessboard (13/15) (quivered)


   Skills:
 + Level 3.6 Fighting
 + Level 5.0 Dodging
 + Level 9.4 Unarmed Combat


You had 7 spell levels left.
You didn't know any spells.
Your spell library contained the following spells:

 Spells                   Type           Power      Damage    Failure   Level
 Pain                     Necr           0%         1d4       41%         1
 Summon Small Mammal      Summ           0%         N/A       41%         1
 Call Canine Familiar     Summ           0%         N/A       78%         3
 Dazzling Flash           Conj/Hex       0%         N/A       78%         3
 Portal Projectile        Hex/Tloc       0%         N/A       78%         3
 Summon Guardian Golem    Hex/Summ       0%         N/A       78%         3
 Leda's Liquefaction      Hex/Erth       0%         N/A       99%         4
 Petrify                  Tmut/Erth      0%         N/A       99%         4
 Agony                    Necr           0%         N/A       100%        5
 Excruciating Wounds      Necr           0%         N/A       100%        5
 Metabolic Englaciation   Hex/Ice        0%         N/A       100%        5
 Silence                  Hex/Air        0%         N/A       100%        5
 Statue Form              Tmut/Erth      0%         N/A       100%        6


Dungeon Overview and Level Annotations

Branches:
Dungeon (7/15)
 Temple: D:4-7

Altars:
Nemelex Xobeh

Shops:
D:3 =

Portals:
Abyss: D:3

Annotations:
D:3 2 transporters, sirJeffrey23's ghost, weakling DsMo
D:7 Joseph


Innate Abilities, Weirdness & Mutations

You are too large for most types of armour.
You have claws for hands.
Your natural rate of healing is unusually fast.
You are covered in fur. (AC +1)
You have tough skin. (AC +1)


Message History

Done exploring.
There is an open door here.
There is an open door here.
There is a stone staircase leading down here.
You climb downwards.
You hear the roar of battle.
There is an entrance to a bailey on this level.
Hurry and find it before the portal closes forever!
Found a leather armour and 16 gold pieces.
Found a stone staircase leading down.
There is a stone staircase leading up here.
Joseph, a Mercenary comes into view.
He is wielding a +0 quarterstaff and wearing a +3 leather armour of poison resistance.
Found a ring mail.
Joseph shouts!
You hear a shout!
Joseph unwields a +0 quarterstaff.
Joseph wields a +0 hunting sling.
Joseph shoots a sling bullet.
The sling bullet barely misses you.
You hear a shout!
You see here a +0 leather armour.
Joseph unwields a +0 hunting sling.
Joseph wields a +0 quarterstaff.
Joseph hits you with a +0 quarterstaff!!
You scratch Joseph but do no damage. Joseph hits you but does no damage.
You scratch Joseph.
Joseph is lightly wounded.
Joseph hits you with a +0 quarterstaff!
You barely miss Joseph.
Joseph is lightly wounded.
Joseph hits you with a +0 quarterstaff.
You scratch Joseph but do no damage. You claw Joseph!
Joseph is moderately wounded.
You scratch Joseph.
Joseph is moderately wounded.
Joseph hits you with a +0 quarterstaff!
You barely miss Joseph.
Joseph is moderately wounded.
Joseph hits you with a +0 quarterstaff!!
* * * LOW HITPOINT WARNING * * *
You claw Joseph!
Joseph is severely wounded.
Joseph hits you with a +0 quarterstaff!
You die...
Xom giggles madly!

#. ..#
#.###..#
.$...$#
#...#.###
#......[
#....#
#...>###.##
#[.<.......
#@###..##..
#@# ....
..# ###.
####


You could see Joseph.

Vanquished Creatures
  Maggie (D:6)
  Grinder (D:3)
  Edmund (D:6)
  An ice beast (D:6)
  A black bear (D:6)
  An ogre (D:6)
  A wolf (D:6)
  A kobold brigand (D:6)
  Blork the orc (D:6)
  3 scorpions
  A jelly (D:6)
  Crazy Yiuf (D:3)
  An orc priest (D:3)
  Jessica (D:2)
  An iguana (D:6)
  An orc wizard (D:3)
  4 gnolls (D:2)
  6 adders
  A white imp (D:6)
  3 worms (D:2)
  2 dart slugs
  3 orcs (D:3)
  5 ball pythons
  6 endoplasms
  5 giant cockroaches
  8 goblins
  5 hobgoblins
  16 kobolds
  4 bats
  2 frilled lizards
  9 rats
97 creatures vanquished.

Notes
Turn   | Place    | Note
-------+----------+-------------------------------------------
     0 | D:1      | XomXD the Troll Chaos Knight began the quest for the Orb.
     0 | D:1      | Reached XP level 1. HP: 22/22 MP: 0/0
    23 | D:1      | XOM: potion effect (curing)
    39 | D:1      | Reached XP level 2. HP: 29/29 MP: 1/1
   270 | D:1      | XOM: silly message
   428 | D:1      | Reached XP level 3. HP: 34/34 MP: 2/2
   572 | D:2      | XOM: silly message
   699 | D:2      | Noticed Jessica
   720 | D:2      | Killed Jessica
   721 | D:2      | Reached skill level 4 in Unarmed Combat
   721 | D:2      | Reached XP level 4. HP: 35/44 MP: 3/3
  1057 | D:2      | Found a faded altar of an unknown god.
  1402 | D:3      | Reached XP level 5. HP: 51/52 MP: 4/4
  1474 | D:3      | XOM: silly message
  1477 | D:3      | Reached skill level 5 in Unarmed Combat
  1569 | D:3      | Found Keis's Jewellery Shop.
  1589 | D:3      | Noticed Grinder
  1593 | D:3      | Paralysed by Grinder for 3 turns
  1596 | D:3      | XOM: noise
  1604 | D:3      | XOM: silly message
  1607 | D:3      | Paralysed by Grinder for 3 turns
  1610 | D:3      | XOM: divination: detect creatures
  1617 | D:3      | Killed Grinder
  1618 | D:3      | Reached skill level 6 in Unarmed Combat
  1618 | D:3      | Reached XP level 6. HP: 22/61 MP: 5/5
  1678 | D:3      | XOM: divination: detect creatures
  1681 | D:3      | Found a one-way gate to the infinite horrors of the Abyss.
  1681 | D:3      | Noticed sirJeffrey23's ghost (weakling DsMo)
  1681 | D:3      | Noticed a small abomination
  1682 | D:3      | Found a transporter.
  1708 | D:3      | Found a transporter.
  1722 | D:3      | Noticed a small abomination
  1771 | D:3      | Found a runed translucent door.
  1772 | D:3      | Noticed Crazy Yiuf
  1806 | D:3      | XOM: noise
  1829 | D:3      | XOM: god gift: purple potion {god gift}
  2047 | D:3      | Killed Crazy Yiuf
  2095 | D:3      | XOM: silly message
  2191 | D:4      | XOM: divination: detect items
  2315 | D:4      | Reached XP level 7. HP: 61/67 MP: 6/6
  2387 | D:4      | XOM: noise
  2428 | D:4      | XOM: 11-stop teleportation journey
  2496 | D:4      | You fall into a shaft and drop 2 floors!
  2504 | D:6      | XOM: silly message
  2543 | D:6      | Noticed Blork the orc
  2551 | D:6      | Reached skill level 7 in Unarmed Combat
  2559 | D:6      | Killed Blork the orc
  2629 | D:6      | XOM: enchant monster (bad)
  2685 | D:6      | Noticed Edmund
  2690 | D:6      | XOM: noise
  2694 | D:6      | Killed Edmund
  2695 | D:6      | Reached skill level 8 in Unarmed Combat
  2695 | D:6      | Reached XP level 8. HP: 56/75 MP: 7/7
  2753 | D:6      | XOM: scenery: 1 doors open, 1 doors close
  2754 | D:6      | Noticed Sigmund
  2755 | D:6      | XOM: summons friendly ufetubus
  2764 | D:6      | Noticed Sigmund
  2764 | D:6      | XOM: polymorph something unseen -> Sigmund the wolf
  2767 | D:6      | Killed Sigmund the wolf
  2974 | D:6      | XOM: summons 5 hostile demons
  3137 | D:6      | Found a sparkling altar of Nemelex Xobeh.
  3238 | D:6      | Noticed Maggie
  3249 | D:6      | Killed Maggie
  3250 | D:6      | Reached skill level 5 in Dodging
  3250 | D:6      | Reached skill level 9 in Unarmed Combat
  3322 | D:7      | Noticed Joseph
  3331 | D:7      | Slain by Joseph

Illustrated notes

Levels and vault maps discovered:
D:1:      erik_arrival_orb_chamber, layout_basic, minmay_tiny_reverse_x
D:2:      layout_basic, hellmonk_ecumenical_altar_lost_god, uniq_jessica
D:3:      layout_basic, serial_shops, shop, gammafunk_ghost_abyssal_escape,
          uniq_grinder, uniq_crazy_yiuf_cottage
D:4:      layout_basic
D:6:      layout_gridville, nicolae_overflow_crystal_walls, uniq_sigmund,
          uniq_edmund, uniq_maggie, uniq_blork_the_orc
D:7:      layout_rooms, serial_shops, shop, enter_bailey_7, uniq_joseph

Skill      XL: |  1  2  3  4  5  6  7  8 |
---------------+-------------------------+-----
Dodging        | 2 3 4 5 |  5.0
Unarmed Combat | 4 6 8 9 |  9.4
Fighting       | 3 |  3.6

Action                   |  1- 3 |  4- 6 |  7- 9 || total
-------------------------+-------+-------+-------++-------
Melee: Unarmed           |    98 |   139 |    92 ||   329
       Punch             |       |     2 |     6 ||     8
Evoke: Piece from Xom's  |       |     6 |     6 ||    12
  Use: Scroll            |     2 |     6 |     2 ||    10
       Potion            |       |     3 |       ||     3
 Stab: Sleeping          |     1 |       |       ||     1
       Paralysed         |       |       |     1 ||     1
Armor: Robe              |    53 |    44 |    35 ||   132
Dodge: Dodged            |    59 |    51 |    60 ||   170

Table legend: (Time is in decaauts)
 A = Elapsed time spent in this place.
 B = Non-inter-level travel time spent in this place.
 C = Inter-level travel time spent in this place.
 D = Time resting spent in this place.
 E = Time spent auto-exploring this place.
 F = Levels seen in this place.
 G = Mean time per level.
                   A        B        C        D        E       F      G
               +--------+--------+--------+--------+--------+-----+--------+
         Total |   3277 |   3132 |    145 |      0 |   2445 |   6 |  546.2 |
       Dungeon |   3277 |   3132 |    145 |      0 |   2445 |   6 |  546.2 |
               +--------+--------+--------+--------+--------+-----+--------+

Top non-repeatable levels by time:
     D:6: 812 daAuts
     D:2: 812 daAuts
     D:3: 710 daAuts
     D:1: 554 daAuts
     D:4: 379 daAuts
     D:7: 8 daAuts
